 Dungeon Sprint DCSS version 0.16.1-18-g436b03c (webtiles) character file.

2390 noize the Destroyer (level 9, 0/39 HPs)
             Began as a Vine Stalker Conjurer on Apr 30, 2015.
             Was the Champion of Sif Muna.
             Killed from afar by a yellow draconian (2 damage)
             ... with a splash of acid
             ... in the Dungeon (Sprint V: "Ziggurat Sprint").
             The game lasted 00:12:24 (612 turns).

noize the Destroyer (Vine Stalker Conjurer)          Turns: 612, Time: 00:12:24

Health: 0/39       AC:  2    Str: 11      XL:     9   Next: 46%
Magic:  0/29       EV:  9    Int: 24      God:    Sif Muna [******]
Gold:   0          SH: 24    Dex: 14 (15) Spells: 6 memorised, 4 levels left

rFire  . . .     SeeInvis .     O - +5 quick blade
rCold  . . .     Clarity  .     a - +0 robe
rNeg   + . .     SustAb   .     z - +18 shield of the gong {rElec rN+ MR+ EV-5}
rPois  .         Gourm    .     (no helmet)
rElec  +         Spirit   +     (no cloak)
rCorr  .         Warding  .     (no gloves)
rMut   .         NoTele   +     (no boots)
MR     ++...                    (no amulet)
Stlth  ++........               (no ring)
                                D - +6 ring of intelligence

@: very slightly contaminated, invisible, very resistant to hostile
enchantments, unstealthy
A: fangs 3, regeneration 2, magic shield, antimagic bite, no device heal 3, rot
immunity
a: Channel Energy, Forget Spell, Renounce Religion


You were in the Dungeon.
You worshipped Sif Muna.
Sif Muna was exalted by your worship.
You were not hungry.

You visited 1 branch

Inventory:

Hand weapons
 y - the +6 Majin-Bo {vamp, Archmagi MP+6 Int+6}
   (You found it in the Dungeon)

   It inflicts no extra harm, but heals its wielder somewhat when it strikes a
   living foe.
   It affects your intelligence (+6).
   It affects your magic capacity (+6).
 O - a +5 quick blade (weapon)
 S - the +6 demon trident "Plihe" {venom, Int+4}
   (You found it in the Dungeon)

   It poisons the flesh of those it strikes.
   It affects your intelligence (+4).
Armour
 a - a +0 robe (worn)
 z - the +18 shield of the gong (worn) {rElec rN+ MR+ EV-5}
   (You found it in the Dungeon)

   It affects your evasion (-5).
   It insulates you from electricity.
   It protects you from negative energy.
   It affects your resistance to hostile enchantments.
Magical staves
 I - an uncursed staff of energy
 T - an uncursed staff of wizardry
Jewellery
 B - a +6 ring of dexterity
 C - a +6 ring of dexterity
 D - a +6 ring of intelligence (left hand)
 E - a +6 ring of intelligence
 F - a +6 ring of strength
 G - a +6 ring of strength
 H - an uncursed ring of flight
 P - a +2 ring of dexterity
 V - an uncursed ring of positive energy
Magical devices
 K - a wand of disintegration (4)
 L - a wand of fire (0)
 M - a wand of cold (0)
 N - a wand of draining (0)
Scrolls
 i - 4 scrolls of blinking
 p - 4 scrolls of amnesia
 q - 3 scrolls of recharging
 r - 7 scrolls of fog
 s - 2 scrolls of holy word
 t - 5 scrolls of identify
 u - 5 scrolls of remove curse
 v - 2 scrolls of fear
 R - a scroll of brand weapon
Potions
 d - 10 potions of curing
 e - 2 potions of brilliance
 f - 6 potions of haste
 g - 7 potions of magic
 h - 3 potions of berserk rage
 j - a potion of invisibility
 k - 2 potions of restore abilities
 l - 4 potions of resistance
 m - a potion of experience
 n - 6 potions of agility
 o - 5 potions of might
Books
 c - a book of Conjurations

   Spells                             Type                      Level
   a - Magic Dart                     Conjuration                  1
   b - Searing Ray                    Conjuration                  2
   c - Dazzling Spray                 Conjuration/Hexes            3
   d - Fulminant Prism                Conjuration/Hexes            4
   e - Iskenderun's Mystic Blast      Conjuration                  4
   f - Iskenderun's Battlesphere      Conjuration/Charms           5
 Q - Sif Muna's Compendium of Toxic Conjuration
   (Sif Muna gifted it to you in the Dungeon)

   Spells                             Type                      Level
   a - Sting                          Conjuration/Poison           1
   b - Flame Tongue                   Conjuration/Fire             1
   c - Shock                          Conjuration/Air              1
   d - Throw Icicle                   Conjuration/Ice              4
   e - Venom Bolt                     Conjuration/Poison           5
   f - Orb of Destruction             Conjuration                  7
 U - Sif Muna's Foundations of Spellcraft
   (Sif Muna gifted it to you in the Dungeon)

   Spells                             Type                      Level
   a - Flight                         Charms/Air                   3
   b - Dazzling Spray                 Conjuration/Hexes            3
   c - Static Discharge               Conjuration/Air              3
   d - Tukima's Dance                 Hexes                        3
   e - Vampiric Draining              Necromancy                   3
 W - a book of Ice

   Spells                             Type                      Level
   a - Ice Form                       Ice/Transmutation            4
   b - Metabolic Englaciation         Hexes/Ice                    5
   c - Ozocubu's Refrigeration        Ice                          6
   d - Bolt of Cold                   Conjuration/Ice              6
   e - Freezing Cloud                 Conjuration/Ice/Air          6
   f - Simulacrum                     Ice/Necromancy               6
 X - the Tome of Destructive Fire
   (You found it in the Dungeon)

   Spells                             Type                      Level
   a - Flame Tongue                   Conjuration/Fire             1
   b - Sticky Flame                   Conjuration/Fire             4
   c - Ring of Flames                 Charms/Fire                  7
   d - Delayed Fireball               Conjuration/Fire             7
 Y - a book of Debilitation

   Spells                             Type                      Level
   a - Corona                         Hexes                        1
   b - Slow                           Hexes                        2
   c - Inner Flame                    Hexes/Fire                   3
   d - Enslavement                    Hexes                        4
   e - Cause Fear                     Hexes                        4
   f - Leda's Liquefaction            Hexes/Earth                  4
Miscellaneous
 A - a disc of storms
 J - a crystal ball of energy
Comestibles
 b - 5 bread rations
 w - 42 fruits
 x - 4 meat rations


   Skills:
 + Level 8.9 Dodging
 - Level 2.4 Stealth
 + Level 11.2 Spellcasting
 + Level 12.6 Conjurations
 + Level 7.8 Charms
 + Level 1.9 Ice Magic
 + Level 1.8 Poison Magic


You had 4 spell levels left.
You knew the following spells:

 Your Spells              Type           Power        Failure   Level  Hunger
a - Magic Dart            Conj           ####         1%          1    None
b - Iskenderun's Mystic   Conj           ######..     1%          4    None
c - Iskenderun's Battles  Conj/Chrm      ######..     14%         5    ####...
d - Orb of Destruction    Conj           ######....   99%         7    #######
e - Venom Bolt            Conj/Pois      #####.....   47%         5    ####...
f - Throw Icicle          Conj/Ice       #####...     17%         4    None


Dungeon Overview and Level Annotations

Branches:
Dungeon (1/1)

Altars:
Ashenzari
Cheibriados
Dithmenos
Elyvilon
Fedhas
Gozag
Kikubaaqudgha
Makhleb
Nemelex Xobeh
Okawaru
Qazlal
Ru
Sif Muna
Trog
Vehumet
Xom
Yredelemnul
Zin
The Shining One
Beogh
Jiyva
Lugonu


Innate Abilities, Weirdness & Mutations

You have razor-sharp teeth.
You heal very quickly.
When hurt, damage is shared between your health and your magic reserves.
Your bite disrupts and absorbs the magic of your enemies.
Potions and wands cannot restore your health.
You are immune to rotting.


Message History

The yellow draconian is severely wounded.
The mottled draconian spits sticky flame at you.
The splash of liquid fire hits the draconian.
The draconian is covered in liquid flames!
Your shield prevents you from hitting the yellow draconian.
You bite the yellow draconian. You drain its power.
You feel invigorated.
The yellow draconian is severely wounded.
The draconian burns!
The yellow draconian hits you with a dire flail!!
* * * LOW HITPOINT WARNING * * *
You hit the yellow draconian but do no damage.
You bite the yellow draconian. You drain its power.
You feel invigorated.
The yellow draconian is severely wounded.
The draconian burns!
You block the draconian's attack.
BOUMMMMG!
The draconian burns!
You block the black draconian's attack.
SHROANNG!
The yellow draconian spits acid past the black draconian.
The splash of acid hits you!
You die...

.8©8
▓...|[..▓
▓...}\..▓
▓.......▓
▓..*....▓
▓...d...▓
▓..d....▓
▓.▓ddd▓.▓
▓..@.d..▓
▓▓▓▓▓▓▓▓▓


You could see a black draconian, a mottled draconian, a yellow draconian and 3
draconians.

Vanquished Creatures
  A deep elf knight (D)
  2 deep elf summoners (D)
  An ancient zyme (D)
  A deep elf mage (D)
  A necrophage (D)
  A phantom (D)
  2 scorpions (D)
  2 wights (D)
  A jelly (D)
  A quasit (D)
  A shadow imp (D)
  2 ufetubi (D)
  2 oozes (D)
18 creatures vanquished.

Vanquished Creatures (others)
  Polyphemus (D)
  Erica (D)
  A spatial maelstrom (D)
  Sonja (D)
  Grinder (D)
  Prince Ribbit (D)
  Eustachio (D)
  Duvessa (D)
  Jessica (D)
9 creatures vanquished.

Grand Total: 27 creatures vanquished

Notes
Turn   | Place    | Note
--------------------------------------------------------------
     0 | D        | noize, the Vine Stalker Conjurer, began the quest for the Orb.
     0 | D        | Reached XP level 1. HP: 9/9 MP: 3/3
     0 | D        | Found a viscous altar of Jiyva.
     0 | D        | Found a corrupted altar of Lugonu.
     0 | D        | Found a white marble altar of Elyvilon.
     0 | D        | Banished a spatial maelstrom
     1 | D        | Found a burning altar of Makhleb.
     1 | D        | Found an iron altar of Okawaru.
     3 | D        | Found a sparkling altar of Nemelex Xobeh.
     3 | D        | Found a basalt altar of Yredelemnul.
     3 | D        | Found a deep blue altar of Sif Muna.
     3 | D        | Found a radiant altar of Vehumet.
     3 | D        | Killed Jessica
     7 | D        | Found a bloodstained altar of Trog.
    36 | D        | Found a shimmering altar of Xom.
    67 | D        | Became a worshipper of Sif Muna the Loreminder
    74 | D        | Entered arena 1.
    74 | D        | Noticed a scorpion
    74 | D        | Noticed a scorpion
    76 | D        | Killed a scorpion
    76 | D        | Acquired Sif Muna's first power
    76 | D        | Reached skill level 5 in Spellcasting
    76 | D        | Reached skill level 6 in Conjurations
    76 | D        | Reached XP level 2. HP: 13/13 MP: 4/10
    76 | D        | Reached XP level 3. HP: 16/16 MP: 4/12
    77 | D        | Killed a scorpion
    77 | D        | Acquired Sif Muna's second power
    77 | D        | Reached XP level 4. HP: 21/21 MP: 3/16
   164 | D        | Entered arena 2.
   164 | D        | Noticed a jelly
   167 | D        | Killed a jelly
   167 | D        | Reached skill level 7 in Conjurations
   167 | D        | Reached XP level 5. HP: 24/24 MP: 15/18
   238 | D        | Killed Erica
   240 | D        | Killed Eustachio
   290 | D        | Learned a level 4 spell: Iskenderun's Mystic Blast
   290 | D        | Entered arena 3.
   290 | D        | Noticed a phantom
   290 | D        | Noticed a wight
   290 | D        | Noticed a wight
   290 | D        | Noticed a necrophage
   292 | D        | Killed a necrophage
   292 | D        | Reached skill level 8 in Conjurations
   292 | D        | Killed a wight
   292 | D        | Reached skill level 5 in Dodging
   292 | D        | Reached skill level 9 in Conjurations
   292 | D        | Gained mutation: You heal very quickly. [vine stalker growth]
   292 | D        | Reached XP level 6. HP: 28/28 MP: 18/21
   299 | D        | Killed a wight
   299 | D        | Acquired Sif Muna's third power
   304 | D        | Killed a phantom
   304 | D        | Reached skill level 10 in Conjurations
   314 | D        | Got the +6 demon trident "Plihe" {venom, Int+4}
   337 | D        | Learned a level 5 spell: Iskenderun's Battlesphere
   337 | D        | Killed Sonja
   337 | D        | Killed Grinder
   348 | D        | Entered arena 4.
   348 | D        | Noticed a deep elf summoner
   348 | D        | Noticed a deep elf knight
   348 | D        | Noticed a deep elf mage
   348 | D        | Noticed a deep elf summoner
   352 | D        | Noticed a jumping spider
   352 | D        | Noticed a redback
   353 | D        | Killed a deep elf knight
   353 | D        | Received a gift from Sif Muna
   353 | D        | Reached skill level 11 in Conjurations
   353 | D        | Reached XP level 7. HP: 32/32 MP: 18/25
   353 | D        | Gained mutation: You have razor-sharp teeth. [vine stalker growth]
   353 | D        | Reached XP level 8. HP: 36/36 MP: 19/27
   354 | D        | Killed a deep elf summoner
   354 | D        | Reached skill level 10 in Spellcasting
   354 | D        | Reached skill level 12 in Conjurations
   356 | D        | Noticed a demonic crawler
   357 | D        | Killed a deep elf mage
   357 | D        | Received a gift from Sif Muna
   360 | D        | Killed a deep elf summoner
   360 | D        | Reached XP level 9. HP: 6/39 MP: 3/29
   367 | D        | Identified Sif Muna's Compendium of Toxic Conjuration (Sif Muna gifted it to you in the Dungeon)
   367 | D        | Identified Sif Muna's Foundations of Spellcraft (Sif Muna gifted it to you in the Dungeon)
   376 | D        | Learned a level 7 spell: Orb of Destruction
   382 | D        | Learned a level 5 spell: Venom Bolt
   387 | D        | Learned a level 4 spell: Throw Icicle
   402 | D        | Killed Prince Ribbit
   455 | D        | Killed Polyphemus
   481 | D        | Killed Duvessa
   483 | D        | Entered arena 5.
   483 | D        | Noticed a quasit
   483 | D        | Noticed an ancient zyme
   489 | D        | Killed an ancient zyme
   489 | D        | Reached skill level 1 in Ice Magic
   489 | D        | Reached skill level 1 in Poison Magic
   495 | D        | Killed a quasit
   506 | D        | Identified the Tome of Destructive Fire (You found it in the Dungeon)
   602 | D        | Entered arena 6.
   602 | D        | Noticed a draconian
   602 | D        | Noticed a mottled draconian
   602 | D        | Noticed a black draconian
   602 | D        | Noticed a draconian
   602 | D        | Noticed a yellow draconian
   602 | D        | Noticed a draconian
   612 | D        | Killed from afar by a yellow draconian

Action                   |  1- 3 |  4- 6 |  7- 9 || total
-------------------------+-------+-------+-------++-------
Melee: Quick blade       |       |    13 |    10 ||    23
       Staff             |       |       |     1 ||     1
 Cast: Magic Dart        |       |     5 |     2 ||     7
       Iskenderun's Myst |       |     1 |       ||     1
       Throw Icicle      |       |       |     3 ||     3
       Iskenderun's Batt |       |       |     3 ||     3
       Venom Bolt        |       |       |     1 ||     1
Evoke: Wand              |     2 |     8 |     8 ||    18
       Disc of storms    |       |     1 |       ||     1
  Use: Potion            |       |       |     1 ||     1
